 Dungeon Crawl Stone Soup version 0.26-a0-490-gf8362a0c98 (webtiles) character file.

Game seed: 5643652343739477361

190 ANON1729 the Skirmisher (level 5, -3/44 HPs)
             Began as a Palentonga Delver on Aug 4, 2020.
             Shot with an arrow by a centaur (9 damage)
             ... on level 5 of the Dungeon.
             The game lasted 00:01:56 (855 turns).

ANON1729 the Skirmisher (Palentonga Delver)          Turns: 855, Time: 00:01:56

Health: -3/44      AC:  8    Str: 17    XL:     5   Next: 41%
Magic:  5/5        EV:  3    Int: 10    God:
Gold:   32         SH:  0    Dex: 11    Spells: 4/4 levels left

rFire    . . .     SeeInvis +   a - +0 falchion
rCold    . . .     Faith    .   (no shield)
rNeg     . . .     Spirit   .   j - +0 plate armour (curse)
rPois    .         Reflect  .   (no helmet)
rElec    .         Harm     .   (no cloak)
rCorr    .                      (no gloves)
MR       +....                  (boots restricted)
Stlth    ..........             (no amulet)
HPRegen  0.14/turn              h - ring of protection from magic
MPRegen  0.09/turn              (no ring)

@: no status effects
A: large, rugged brown scales 3, see invisible, deformed body, roll, armoured
tail
a: Rolling Charge


You were on level 5 of the Dungeon.
You visited 1 branch of the dungeon, and saw 1 of its levels.

You collected 32 gold pieces.

Inventory:

Hand Weapons
 a - a +0 falchion (weapon)
Armour
 b - a +0 leather armour
 f - a +2 leather armour of poison resistance
 j - a cursed +0 plate armour (worn)
Jewellery
 h - a ring of protection from magic (left hand)
 i - an uncursed ring of positive energy {unknown}
Wands
 g - a wand of digging (3)
 k - a wand of paralysis (1)
Scrolls
 d - a scroll of magic mapping


   Skills:
 + Level 4.0 Fighting
 + Level 3.3 Long Blades
 + Level 2.7 Dodging
 + Level 3.9 Stealth


You had 4 spell levels left.
You didn't know any spells.
Your spell library was empty.

Dungeon Overview and Level Annotations

Branches:
Dungeon (5/15)
 Temple: D:4-7

Altars:

Shops:
D:5 ?


Innate Abilities, Weirdness & Mutations

You are completely covered in rugged brown scales. (AC +3, +7% HP)
You have supernaturally acute eyesight. (SInv)
Armour fits poorly on your strangely shaped body.
You can roll at foes to attack.
You have a long armoured tail.


Message History

No target in view!
You start resting.
You feel sick. x9
You are no longer poisoned.
You start resting.
A worker ant is nearby!
A worker ant is nearby!
The worker ant twitches its antennae in your direction.
Found a stone staircase leading up.
A centaur comes into view.
The centaur shouts!
The centaur wields a +0 shortbow.
The centaur shoots an arrow.
The arrow hits you.
The centaur shoots an arrow.
The arrow hits you!
You see here an arrow.
The centaur shoots an arrow.
The arrow hits you.
The centaur shoots an arrow.
The arrow hits you!
* * * LOW HITPOINT WARNING * * *
As you read the scroll of fog, it crumbles to dust.
The scroll dissolves into smoke.
The centaur shoots an arrow.
The arrow hits you!
You die...

..........
......|..#..###.## .#
....#....##......##. .
##.## #...##........ ..
#.. ##...#...#..# 8..
##.####....##....## ....
##.#........#.....#.....
.'.##.......#.#§§§......
##............(§@§.<...#
##...........###§§...c..
..<)......a...#.........
)..)..........#.......#.
...)..#.#.............#
.......∩................
###...#.##......#.#..#..
.##.....#.......###..#..
.#.....##..####.#


You could see a centaur.

Vanquished Creatures
  A jelly (D:5)
  An orc priest (D:5)
  An orc wizard (D:5)
  Ijyb (D:5)
  A worker ant (D:5)
  A hound zombie (D:5)
  A hound skeleton (D:5)
  A worker ant zombie (D:5)
  A shadow imp (D:5)
  An adder skeleton (D:5)
  A leopard gecko (D:5)
  2 orcs (D:5)
  A quokka zombie (D:5)
14 creatures vanquished.

Notes
Turn   | Place    | Note
-------+----------+-------------------------------------------
     0 | D:5      | ANON1729 the Palentonga Delver began the quest for the Orb.
     0 | D:5      | Reached XP level 1. HP: 19/19 MP: 1/1
    44 | D:5      | Reached XP level 2. HP: 20/25 MP: 2/2
   128 | D:5      | Noticed Ijyb
   159 | D:5      | Paralysed by Ijyb for 4 turns
   169 | D:5      | Killed Ijyb
   169 | D:5      | Reached XP level 3. HP: 23/31 MP: 3/3
   170 | D:5      | Found Widigie's Magic Scroll Shoppe.
   183 | D:5      | Reached XP level 4. HP: 24/37 MP: 4/4
   429 | D:5      | Reached XP level 5. HP: 36/44 MP: 5/5
   699 | D:5      | Reached skill level 4 in Fighting
   852 | D:5      | Noticed a centaur
   855 | D:5      | Shot with an arrow by a centaur

Illustrated notes

Levels and vault maps discovered:
D:5:      layout_cave_pools, serial_shops, nicolae_shop_crystal,
          serial_column_ruins, column_ruins_circle_small,
          column_ruins_open_tiny, column_ruins_grid_2, column_ruins_open_tiny,
          column_ruins_open_small, column_ruins_open_medium,
          column_ruins_grid_4, dk_noncrumbling_2, tgw_sif, uniq_ijyb

Skill      XL: |  1  2  3  4  5 |
---------------+----------------+-----
Dodging        | 2 |  2.7
Long Blades    | 3 |  3.3
Fighting       | 4 |  4.0
Stealth        | |  3.9

Action                   |  1- 3 |  4- 6 || total
-------------------------+-------+-------++-------
Melee: Falchion          |    53 |    36 ||    89
       Tailslap          |     8 |    11 ||    19
 Abil: Rolling Charge    |       |     2 ||     2
  Use: Potion            |     1 |       ||     1
       Scroll            |       |     2 ||     2
 Stab: Sleeping          |     1 |       ||     1
Armor: Leather armour    |     2 |       ||     2
       Plate armour      |    28 |    26 ||    54
Dodge: Dodged            |     5 |    11 ||    16
       Rpst.: Falchion   |     2 |     6 ||     8

Table legend: (Time is in decaauts)
 A = Elapsed time spent in this place.
 B = Non-inter-level travel time spent in this place.
 C = Inter-level travel time spent in this place.
 D = Time resting spent in this place.
 E = Time spent auto-exploring this place.
 F = Levels seen in this place.
 G = Mean time per level.
                   A        B        C        D        E       F      G
               +--------+--------+--------+--------+--------+-----+--------+
         Total |    851 |    851 |      0 |    556 |    120 |   1 |  851.0 |
       Dungeon |    851 |    851 |      0 |    556 |    120 |   1 |  851.0 |
               +--------+--------+--------+--------+--------+-----+--------+

Top non-repeatable levels by time:
     D:5: 851 daAuts
